 Dungeon Crawl Stone Soup version 0.29.1-15-g9cfb28693d (webtiles) character file.

Game seed: 12821911843138056762

46 Ast3rio the Poker (level 3, -8/35 HPs)
             Began as a Gnoll Cinder Acolyte on Mar 23, 2023.
             Was a High Priest of Ignis.
             Mangled by a gnoll
             ... wielding a +0 halberd
              (9 damage)
             ... on level 2 of the Dungeon.
             The game lasted 00:02:21 (1136 turns).

Ast3rio the Poker (Gnoll Cinder Acolyte)            Turns: 1136, Time: 00:02:21

Health: -8/35      AC:  2    Str: 15    XL:     3   Next: 66%
Magic:  1/7        EV: 11    Int: 13    God:    Ignis [*****.]
Gold:   69         SH:  0    Dex:  7    Spells: 5/7 levels left

rFire   + . .      SeeInvis .   a - -1 spear (flame)
rCold   . . .      Faith    .   (no shield)
rNeg    . . .      Spirit   .   b - +0 robe
rPois   .          Reflect  .   (no helmet)
rElec   .          Harm     .   (no cloak)
rCorr   .          Rampage  .   (no gloves)
Will    .....                   (no boots)
Stlth   +.........              (no amulet)
HPRegen 0.11/turn               (no ring)
MPRegen 0.10/turn               (no ring)

@: no status effects
A: fangs 1, strong nose, distributed training
a: Renounce Religion, Fiery Armour, Foxfire Swarm, Rising Flame


You were on level 2 of the Dungeon.
You worshipped Ignis.
Ignis was extremely pleased with you.
You visited 1 branch of the dungeon, and saw 2 of its levels.

You collected 69 gold pieces.

Inventory:

Hand Weapons
 a - a -1 spear of flaming (weapon)
Armour
 b - a +0 robe (worn)
Jewellery
 d - a ring of ice
Scrolls
 e - 4 scrolls of identify {unknown}
 h - a scroll of fog {unknown}
 j - a scroll of magic mapping {unknown}
 k - a scroll of amnesia {unknown}
 l - a scroll of fear {unknown}
Potions
 c - a potion of degeneration {unknown}
 f - a potion of heal wounds {unknown}
 g - a potion of invisibility {unknown}
 i - 2 potions of mutation {unknown}


   Skills:
 + Level 6.5 Fighting
 + Level 1.0 Short Blades
 + Level 1.0 Long Blades
 + Level 1.0 Axes
 + Level 1.0 Maces & Flails
 + Level 6.5 Polearms
 + Level 1.0 Staves
 + Level 1.0 Ranged Weapons
 + Level 1.0 Throwing
 + Level 1.0 Armour
 + Level 1.0 Dodging
 + Level 1.0 Stealth
 + Level 1.0 Shields
 + Level 1.0 Unarmed Combat
 + Level 2.9 Spellcasting
 + Level 0.7 Conjurations
 + Level 0.7 Hexes
 + Level 0.7 Summonings
 + Level 0.7 Necromancy
 + Level 0.7 Translocations
 + Level 0.7 Transmutations
 + Level 5.4 Fire Magic
 + Level 0.7 Ice Magic
 + Level 0.7 Air Magic
 + Level 0.7 Earth Magic
 + Level 0.7 Poison Magic
 + Level 1.0 Invocations
 + Level 1.0 Evocations


You had 5 spell levels left.
You knew the following spells:

 Your Spells              Type           Power      Damage    Failure   Level
a - Scorch                Fire           32%        2d7       3%          2

Your spell library contained the following spells:

 Spells                   Type           Power      Damage    Failure   Level
 Summon Small Mammal      Summ           12%        N/A       17%         1
 Call Canine Familiar     Summ           3%         N/A       45%         3
 Summon Guardian Golem    Hex/Summ       3%         N/A       45%         3


Dungeon Overview and Level Annotations

Branches:
Dungeon (2/15)

Altars:

Shops:
D:2 [


Innate Abilities, Weirdness & Mutations

You have very sharp teeth.
Your uncanny sense of smell can sniff out nearby items.
Your experience applies equally to all skills.


Message History

Flames lash the gnoll.
The gnoll is moderately wounded.
The gnoll's fire resistance burns away.
The gnoll shouts!
The gnoll hits you from afar with a +0 spear!
* * * LOW HITPOINT WARNING * * *
The goblin barely misses you.
Casting: Scorch (safe; 3% risk of failure)
Confirm with . or Enter, or press ? or * to list all spells.
Flames lash the goblin.
You kill the goblin!
The gnoll hits you but does no damage.
Your Short Blades skill increases to level 1!
Your Long Blades skill increases to level 1!
Your Axes skill increases to level 1!
Your Maces & Flails skill increases to level 1!
Your Staves skill increases to level 1!
Your Ranged Weapons skill increases to level 1!
Your Throwing skill increases to level 1!
Your Armour skill increases to level 1!
Your Dodging skill increases to level 1!
Your Stealth skill increases to level 1!
Your Shields skill increases to level 1!
Your Unarmed Combat skill increases to level 1!
Your Evocations skill increases to level 1!
Casting: Scorch (safe; 3% risk of failure)
Confirm with . or Enter, or press ? or * to list all spells.
Flames lash the gnoll.
The gnoll is burned terribly!
The gnoll is severely wounded.
The gnoll closely misses you.
You are too injured to fight recklessly!
You are too injured to fight recklessly!
You are too injured to fight recklessly!
You are too injured to fight recklessly!
A gnoll comes into view. It is wielding a +0 flail.
The gnoll shouts!
The gnoll hits you with a +0 spear!
* * * LOW HITPOINT WARNING * * *
The gnoll hits you with a +0 halberd!
You die...

..........#### #..
.............#
#...#...........##
#[..####.......##
.$.#######.####
g......##.#########
#.......†..........
#.gg.....†...####..
#)@##............#
##.##..........###
#'##............#
#.##.............
###.###.........###
+..∩..'.#########
###.###.# #.# #.#
#+# #.#


You could see 3 gnolls.

Vanquished Creatures
  A gnoll (D:2)
  2 dart slugs (D:1)
  4 ball pythons
  3 endoplasms
  3 giant cockroaches
  4 goblins
  A hobgoblin (D:1)
  2 quokkas (D:2)
  3 bats
  4 frilled lizards
  4 rats
31 creatures vanquished.

Vanquished Creatures (others)
  2 plants (D:1)
2 creatures vanquished.

Grand Total: 33 creatures vanquished

Notes
Turn   | Place    | Note
-------+----------+-------------------------------------------
     0 | D:1      | Ast3rio the Gnoll Cinder Acolyte began the quest for the
                  | Orb.
     0 | D:1      | Reached XP level 1. HP: 23/23 MP: 4/4
   154 | D:1      | Reached XP level 2. HP: 29/29 MP: 5/5
   785 | D:2      | Reached XP level 3. HP: 30/35 MP: 7/7
   791 | D:2      | Learned a level 2 spell: Scorch
  1056 | D:2      | Reached skill level 1 in Invocations
  1113 | D:2      | Found Quot Sew's Armour Emporium.
  1135 | D:2      | Reached skill level 1 in Short Blades
  1135 | D:2      | Reached skill level 1 in Long Blades
  1135 | D:2      | Reached skill level 1 in Axes
  1135 | D:2      | Reached skill level 1 in Maces & Flails
  1135 | D:2      | Reached skill level 1 in Staves
  1135 | D:2      | Reached skill level 1 in Ranged Weapons
  1135 | D:2      | Reached skill level 1 in Throwing
  1135 | D:2      | Reached skill level 1 in Armour
  1135 | D:2      | Reached skill level 1 in Dodging
  1135 | D:2      | Reached skill level 1 in Stealth
  1135 | D:2      | Reached skill level 1 in Shields
  1135 | D:2      | Reached skill level 1 in Unarmed Combat
  1135 | D:2      | Reached skill level 1 in Evocations
  1136 | D:2      | HP: 1/35 [gnoll/+0 spear (9)]
  1136 | D:2      | Mangled by a gnoll

Illustrated notes

Levels and vault maps discovered:
D:1:      ncdulo_watergridlock, layout_rooms, serial_forest,
          infiniplex_forest_straight_5, infiniplex_forest_lined_3_way,
          infiniplex_forest_lined_corner, infiniplex_forest_end_2,
          infiniplex_forest_clump_C, infiniplex_forest_lined_room_2,
          infiniplex_forest_lined_room_, infiniplex_forest_lined_corner,
          infiniplex_forest_straight_2, infiniplex_forest_clump_tiny
D:2:      minmay_spotlight, layout_rooms, serial_shops,
          nicolae_shop_hallway_plus, hellmonk_ecumenical_altar_watching_god

Skill      XL: |  1  2  3 |
---------------+----------+-----
Invocations    | 1 |  1.0
Short Blades   | 1 |  1.0
Long Blades    | 1 |  1.0
Axes           | 1 |  1.0
Maces & Flails | 1 |  1.0
Staves         | 1 |  1.0
Ranged Weapons | 1 |  1.0
Throwing       | 1 |  1.0
Armour         | 1 |  1.0
Dodging        | 1 |  1.0
Stealth        | 1 |  1.0
Shields        | 1 |  1.0
Unarmed Combat | 1 |  1.0
Evocations     | 1 |  1.0
Fighting       | |  6.5
Polearms       | |  6.5
Spellcasting   | |  2.9
Conjurations   | |  0.7
Hexes          | |  0.7
Summonings     | |  0.7
Necromancy     | |  0.7
Translocations | |  0.7
Transmutations | |  0.7
Fire Magic     | |  5.4
Ice Magic      | |  0.7
Air Magic      | |  0.7
Earth Magic    | |  0.7
Poison Magic   | |  0.7

Action                   || total
-------------------------++-------
Melee: Spear             ||   101
       Bite              ||     5
       Punch             ||     1
 Cast: Scorch            ||     7
 Stab: Sleeping          ||     1
Armor: Robe              ||    10
Dodge: Dodged            ||    43
